 Dungeon Crawl Stone Soup version 0.14-a0-1837-g7fb8695 (webtiles) character file.

2157 Herrn the Fighter (level 8, -9/77 HPs)
             Began as a Djinni Fighter on Jan 10, 2014.
             Was a Believer of Makhleb.
             Mangled by a hill giant
             ... wielding a +0,+0 giant spiked club
              (25 damage)
             ... on Level 6 of the Dungeon.
             The game lasted 01:00:32 (7959 turns).

Herrn the Fighter (Djinni Fighter)                  Turns: 7959, Time: 01:00:32

HP  -9/77        AC  9     Str 16      XL: 8   Next: 89%
MP   0/0         EV  6     Int 14      God: Makhleb [**....]
Gold 300         SH 18     Dex 15      Spells:  0 memorised,  7 levels left

rFire  + + +     SeeInvis .     E - +3,+5 orc falchion (slice)
rCold  x . .     Clarity  .     b - +0 scale mail
rNeg   + + +     Conserve .     c - +0 shield
rPois  .         rCorr    .     (no helmet)
rElec  .         rRot     .     l - +0 cloak
SustAb . .       Spirit   .     A - +0 pair of dwarf gloves
rMut   .         Warding  .     (boots unavailable)
Saprov . . .     Stasis   .     (no amulet)
                                n - ring of protection from magic {unknown}
                                d - +5 ring of intelligence

@: flying, quite resistant to hostile enchantments, extremely unstealthy
A: fire immunity, cold vulnerability, life protection 3
a: Minor Destruction, Renounce Religion


You were on level 6 of the Dungeon.
You worshipped Makhleb.
Makhleb was pleased with you.
You were not hungry.

You visited 2 branches of the dungeon, and saw 7 of its levels.
You also visited: Sewer.

You collected 300 gold pieces.

Inventory:

Hand weapons
 a - a +0,+0 falchion
 D - the +5,+9 short sword of the Tundras {holy, Str+2 Dex+4}
   (You found it on level 6 of the Dungeon)

   It has been blessed by the Shining One to cause great damage to the undead
   and demons.
   It affects your strength (+2).
   It affects your dexterity (+4).
 E - a +3,+5 orcish falchion of slicing (weapon)
Armour
 b - a +0 scale mail (worn)
 c - a +0 shield (worn)
 l - a +0 cloak (worn)
 A - a +0 pair of dwarven gloves (worn)
Magical devices
 f - a wand of frost (0)
 h - a wand of confusion (0)
 j - a wand of random effects (10)
 k - a wand of slowing (0)
 p - a wand of disintegration (14) {unknown}
 x - a wand of fire (1)
Scrolls
 i - 5 scrolls of remove curse
 q - a scroll of fear
 s - a scroll of recharging
 u - a scroll of blinking
Jewellery
 d - a +5 ring of intelligence (left hand)
 n - a ring of protection from magic (right hand) {unknown}
Potions
 o - a potion of heal wounds
 r - 2 potions of brilliance
 C - a potion of poison {unknown}
Books
 v - a book of Fire

   Spells                             Type                      Level
   Fire Brand                         Charms/Fire                  2
   Ignite Poison                      Fire/Transmutation           5
   Fireball                           Conjuration/Fire             5
   Bolt of Fire                       Conjuration/Fire             6
   Delayed Fireball                   Conjuration/Fire             7
   Ring of Flames                     Charms/Fire                  7
 y - a book of the Tempests

   Spells                             Type                      Level
   Static Discharge                   Conjuration/Air              3
   Lightning Bolt                     Conjuration/Air              5
   Fireball                           Conjuration/Fire             5
   Tornado                            Air                          9
   Shatter                            Earth                        9


   Skills:
 * Level 8.8 Fighting
 - Level 6.0 Long Blades
 - Level 3.2 Armour
 - Level 3.0 Shields
 * Level 4.9 Evocations


You had 7 spell levels left.
You didn't know any spells.

Dungeon Overview and Level Annotations

Branches:
Dungeon (6/16)             Temple (1/1) D:4

Altars:
Ashenzari
Elyvilon
Fedhas
Makhleb
Nemelex Xobeh
Okawaru
Vehumet
Xom
Zin
the Shining One

Annotations:
D:5 Prince Ribbit
D:6 exclusion: statue


Innate Abilities, Weirdness & Mutations

You are immune to all types of fire, even holy and hellish.
You are vulnerable to cold.
You need no food.
You have no legs.
You are immune to negative energy.


Message History

Found a large runed door.
Use which ability? (? or * to list)
You fail to use your ability.
Things that are here:
a whip; an orcish morningstar; a club You barely miss the hill giant.
The hill giant hits you with a giant spiked club!
You completely miss the hill giant. You block the hill giant's attack.
Your shield and scale mail prevent you from hitting the hill giant.
You block the hill giant's attack.
You slash the hill giant!
The hill giant is moderately wounded.
You slash the hill giant!
The hill giant is heavily wounded.
The hill giant hits you with a giant spiked club!
* * * LOW HITPOINT WARNING * * *
You hit the hill giant.
The hill giant is heavily wounded.
The hill giant hits you with a giant spiked club!
You die...

..# #..........# #...# #....# ..#
#..........# #...# #....##
..###>.........####...#####......
......................<..........
........<....>...................
............................###..
.#####..###########...###...# #..
.# #..# ######...# #...# #.. .#
#..# *#..@CDO..###...# #.. .#
#..# #..######..##...# #..
.#***#..# #.##....##.##...# #..
..,,,...#***#,#.####.#.##...###..
..,,,....,,,,,#...#.##...........
,,,,,,,,,,,,,,#)#.##.'.##C'##....
,,,*******,,,,#.##.#####8..8##...
,,,* *,,,,##(#..#**8,D..8#.##
,,,* *,,,,,*#####,*,,...[#.*#


You could see a hill giant, a wyvern and an ogre.

Vanquished Creatures
  Eustachio (D:5)
  Edmund (D:5)
  An orc warrior (D:5)
  2 centaurs
  2 ogres
  4 big kobolds
  A gnoll shaman (D:5)
  4 crimson imps
  An orc priest (D:4)
  Crazy Yiuf (D:2)
  A jelly (D:6)
  2 orc wizards (D:6)
  An iguana (D:5)
  A quasit (D:5)
  A scorpion (D:6)
  5 worker ants
  11 adders
  14 gnolls
  A shadow imp (D:5)
  A giant mite (D:1)
  2 giant centipedes
  A green rat (D:5)
  An inept item mimic (D:2)
  A goliath beetle zombie (D:5)
  8 worms
  A white imp (D:5)
  2 grey rats
  A giant eyeball (D:6)
  5 giant geckos
  5 oozes
  16 orcs
  A ball python (D:1)
  13 bats
  A bat zombie (D:6)
  14 giant cockroaches
  8 goblins
  12 hobgoblins
  4 jackals (D:6)
  5 giant newts
  A hobgoblin skeleton (D:5)
  21 kobolds
  A kobold skeleton (D:4)
  6 quokkas
  8 rats
  A rat zombie (D:5)
195 creatures vanquished.

Notes
Turn   | Place    | Note
--------------------------------------------------------------
     0 | D:1      | Herrn, the Djinni Fighter, began the quest for the Orb.
     0 | D:1      | Reached XP level 1. HP: 16/16 MP: 0/0
   233 | D:1      | Reached XP level 2. EP: 18/23
   366 | D:1      | Found a glowing golden altar of the Shining One.
   622 | D:1      | Reached XP level 3. EP: 29/29
  1167 | D:2      | Noticed Crazy Yiuf
  1181 | D:2      | Killed Crazy Yiuf
  1181 | D:2      | Reached skill level 4 in Fighting
  1181 | D:2      | Reached XP level 4. EP: 18/37
  1493 | D:2      | Found a glowing silver altar of Zin.
  2211 | D:3      | Reached XP level 5. EP: 37/43
  2999 | D:4      | Reached skill level 5 in Fighting
  3068 | D:4      | Noticed an ogre
  3284 | D:4      | Killed an ogre
  3284 | D:4      | Reached skill level 1 in Evocations
  3284 | D:4      | Reached XP level 6. EP: 52/52
  3403 | D:5      | Entered Level 5 of the Dungeon
  3729 | D:4      | Found a staircase to the Ecumenical Temple.
  3736 | Temple   | Entered the Ecumenical Temple
  3782 | Temple   | Became a worshipper of Makhleb the Destroyer
  4061 | D:5      | Noticed Edmund
  4077 | D:5      | Found a glowing drain.
  4124 | Sewer    | Entered a sewer
  4250 | Sewer    | Reached skill level 5 in Long Blades
  4251 | Sewer    | Acquired Makhleb's first power
  4251 | Sewer    | Reached XP level 7. EP: 57/59
  4722 | D:5      | Noticed Eustachio
  4767 | D:5      | Reached skill level 6 in Fighting
  4942 | D:5      | Killed Eustachio
  5182 | D:5      | HP: 3/62 [gnoll/halberd (13)]
  5551 | D:5      | Reached XP level 8. EP: 53/69
  5667 | D:5      | Killed Edmund
  5667 | D:5      | Reached skill level 7 in Fighting
  6060 | D:5      | Noticed Prince Ribbit
  6266 | D:5      | Acquired Makhleb's second power
  6549 | D:6      | Paralysed by a giant eyeball for 2 turns
  6622 | D:5      | HP: 2/74 [orc warrior/orcish battleaxe (17)]
  6956 | D:6      | Reached skill level 8 in Fighting
  7797 | D:6      | Found a radiant altar of Vehumet.
  7907 | D:6      | Got a crystal short sword
  7913 | D:6      | Identified the +5,+9 short sword of the Tundras {holy, Str+2 Dex+4} (You found it on level 6 of the Dungeon)
  7942 | D:6      | Noticed a hill giant
  7959 | D:6      | Mangled by a hill giant

Action                   |  1- 3 |  4- 6 |  7- 9 || total
-------------------------+-------+-------+-------++-------
Melee: Falchion          |   143 |   361 |   566 ||  1070
Invok: Minor Destruction |       |       |     1 ||     1
Evoke: Wand              |       |     9 |    10 ||    19
  Use: Scroll            |       |     9 |    12 ||    21
       Potion            |       |     2 |    10 ||    12
 Stab: Confused          |       |     2 |       ||     2
